Sharks vs Jets (R1)

Created - January 13, 2025 at 20:51

Goals
1 2 3 T
Sharks 1 1 0 2
Jets 3 0 1 4
Shots
1 2 3 T
Sharks 16 5 11 32
Jets 6 9 15 30

1st period

1. Jets , Dougie Hamilton 4 (Ryan Murray 7) at 0:17
2. Jets , Max Domi 10 (Nino Niederreiter 17) at 12:31 (PP)
3. Jets , Nino Niederreiter 7 (Max Domi 14, Troy Stetcher 12) at 15:13
4. Sharks , Steven Stamkos 23 (Drew Doughty 21, Mike Lundin 10) at 18:01 (PP)

Penalties :
Jack Roslovic (Win) for Cross-checking (Minor) at 3:37, Ryan Murray (Win) for Interference (Minor) at 8:10, Tyler Myers (S.J) for Tripping (Minor) at 11:01, Sam Reinhart (Win) for Cross-checking (Minor) at 17:45

2nd period

5. Sharks , Conor Sheary 8 (Steven Stamkos 22, Mike Lundin 11) at 12:07 (PP)

Penalties :
Zach Parise (S.J) for Diving (Minor) at 0:40, Troy Stetcher (Win) for Holding (Minor) at 10:11, Adam Larsson (Win) for Tripping (Minor) at 14:16

3rd period

6. Jets , Anthony Mantha 10 (Adam Larsson 6, Ryan Johansen 24) at 18:17

Penalties :
Steven Stamkos (S.J) for High sticking (Minor) at 10:32, Beau Bennett (S.J) for Roughing (Minor) at 16:46, Tyler Seguin (Win) for Holding (Minor) at 18:09, Boone Jenner (S.J) for High sticking (Minor) at 19:49

Goalie Stats

Philipp Grubauer (S.J), 26 saves from 30 shots - (0.867), L, 16-12-3, 60:00 minutes
Jacob Markstrom (Win), 30 saves from 32 shots - (0.938), W, 16-11-1, 60:00 minutes

Players Stats for Sharks

Player Name              G  A  P  +/- PIM S  H  SB GA TA FO     MP     PP MP  PK MP  
------------------------------------------------------------------------------------
Andreas Martinsen        0  0  0   0  0   1  2  0  0  1  1/2    13:46   0:00   4:23 
Beau Bennett             0  0  0   0  2   2  1  0  1  0  0/0     9:28   0:07   0:00 
Boone Jenner             0  0  0   0  2   4  0  0  0  1  9/17   17:42   4:37   1:57 
Brendan Gaunce           0  0  0   0  0   2  0  0  1  0  1/1     6:53   0:00   0:05 
Connor Murphy            0  0  0   0  0   0  0  1  0  0  0/0    11:18   0:53   0:24 
Conor Sheary             1  0  1  -2  0   4  2  0  0  0  0/0    20:17   4:28   0:00 
Drew Doughty             0  1  1  -3  0   2  2  1  4  1  0/0    30:09   5:16   4:46 
Jeremy Morin             0  0  0   0  0   1  1  0  0  0  1/1     8:31   0:00   1:40 
MacKenzie Weegar         0  0  0   0  0   0  0  0  0  0  0/0    10:09   0:00   0:00 
Markus Nutivaara         0  0  0   0  0   5  0  1  0  2  0/0    19:15   3:57   2:05 
Mike Lundin              0  2  2  -3  0   0  4  1  0  1  0/0    30:17   5:16   4:46 
Oscar Sundqvist          0  0  0   0  0   3  0  0  0  0  3/5     9:35   0:12   0:00 
Ronalds Kenins           0  0  0  -3  0   0  3  1  1  1  1/4    21:16   4:23   0:19 
Steven Stamkos           1  1  2  -3  2   2  2  0  0  0  22/41  24:26   4:35   3:13 
Tyler Myers              0  0  0   0  2   1  1  2  0  0  0/0    18:51   3:04   1:41 
Vince Hinostroza         0  0  0   0  0   2  1  0  1  1  0/0     6:48   0:00   0:00 
Wayne Simmonds           0  0  0   0  0   2  2  0  2  0  0/0    15:45   4:38   0:00 
Zach Parise              0  0  0   0  2   1  2  1  0  0  3/6    17:52   4:38   2:05 

Players Stats for Jets

Player Name              G  A  P  +/- PIM S  H  SB GA TA FO     MP     PP MP  PK MP  
------------------------------------------------------------------------------------
Adam Larsson             0  1  1   2  2   1  1  2  1  1  0/0    19:34   0:00   3:42 
Anthony Mantha           1  0  1   2  0   3  2  1  0  0  2/4    22:37   4:29   4:26 
Dougie Hamilton          1  0  1   2  0   4  1  2  2  1  0/0    28:51   4:26   3:50 
Dylan Strome             0  0  0   0  0   0  0  0  0  0  2/7    10:40   0:00   1:46 
Erik Cernak              0  0  0   0  0   0  0  0  0  1  0/0    13:11   0:00   3:49 
Frank Vatrano            0  0  0   0  0   2  0  0  0  1  0/0    11:46   0:00   3:15 
Jack Roslovic            0  0  0   1  2   5  1  0  1  0  1/3    17:14   4:29   0:00 
Kyle Connor              0  0  0   0  0   1  0  0  1  0  0/0    12:35   2:25   2:00 
Max Domi                 1  1  2   1  0   2  1  0  0  1  7/19   15:44   2:22   0:12 
Mirco Mueller            0  0  0   0  0   0  1  1  0  1  0/0    10:49   0:00   1:11 
Nino Niederreiter        1  1  2   1  0   2  1  0  0  0  2/3    18:00   2:22   2:47 
Roope Hintz              0  0  0   0  0   2  0  1  0  1  2/9     8:10   0:00   0:00 
Ryan Johansen            0  1  1   2  0   2  1  1  1  1  12/24  17:47   4:29   0:04 
Ryan Murray              0  1  1   1  2   0  2  1  0  0  0/0    23:11   2:25   2:36 
Sam Reinhart             0  0  0   0  2   1  2  1  0  0  0/0     9:12   0:00   0:00 
Troy Stetcher            0  1  1   1  2   3  1  3  2  2  0/0    22:29   4:26   3:18 
Tyler Seguin             0  0  0   1  2   2  1  1  0  0  8/8    19:18   2:21   3:56 
Viktor Arvidsson         0  0  0   0  0   0  1  0  0  0  0/0     8:47   0:00   0:00 

3 Stars

1 - Nino Niederreiter (Win)
2 - Max Domi (Win)
3 - Anthony Mantha (Win)

Power Play

Sharks - 2 on 6 Attempt(s) - 33.33%
Jets - 1 on 5 Attempt(s) - 20.00%

Penalty Kill

Sharks - 4 on 5 Attempt(s) - 80.00% - Score 0 goal in Penalty Kill
Jets - 4 on 6 Attempt(s) - 66.67% - Score 0 goal in Penalty Kill

Team Stat

Sharks - Hits : 23 - Faceoff Wins : 41 - Blocked Shots : 8 - Penalty Minutes : 10
Jets - Hits : 16 - Faceoff Wins : 36 - Blocked Shots : 14 - Penalty Minutes : 12

Official

Referees : TJ Luxmore and Kelly Sutherland
Linesman : James Tobias and Ryan Gibbons

Game Notes

No Game Note

Finance

Level 1 -- Attendance: 5936 (98.93%) -- Ticket Income $593,600
Level 2 -- Attendance: 4642 (92.84%) -- Ticket Income $324,940
Level 3 -- Attendance: 1838 (91.90%) -- Ticket Income $73,520
Level 4 -- Attendance: 3674 (91.85%) -- Ticket Income $110,220
Luxury Box -- Attendance: 1000 (100.00%) -- Ticket Income $200,000
Game was played at the Bell MTS Place.
Total Attendance: 17090 (94.94%)
Total Ticket Income: $1,302,280
Other Income: $195,342
Total Income: $1,497,622

Sharks

5 vs 5 Forward 
   Center                   Left Wing                Right Wing               Time % Phy DF OF 
 1 Steven Stamkos           Ronalds Kenins           Conor Sheary             40     0   3  2  
 2 Boone Jenner             Zach Parise              Wayne Simmonds           30     0   3  2  
 3 Oscar Sundqvist          Andreas Martinsen        Beau Bennett             20     1   3  1  
 4 Brendan Gaunce           Jeremy Morin             Vince Hinostroza         10     1   3  1  

5 vs 5 Defense 
   Defense                  Defense                                           Time % Phy DF OF 
 1 Drew Doughty             Mike Lundin                                       40     0   3  2  
 2 Tyler Myers              Markus Nutivaara                                  30     0   3  2  
 3 Connor Murphy            MacKenzie Weegar                                  20     0   3  2  
 4 Drew Doughty             Mike Lundin                                       10     0   3  2  

PowerPlay Forward 
   Center                   Left Wing                Right Wing               Time % Phy DF OF 
 1 Steven Stamkos           Ronalds Kenins           Conor Sheary             60     0   2  3  
 2 Boone Jenner             Zach Parise              Wayne Simmonds           40     0   2  3  

PowerPlay Defense
   Defense                  Defense                                           Time % Phy DF OF 
 1 Drew Doughty             Mike Lundin                                       60     0   2  3  
 2 Tyler Myers              Markus Nutivaara                                  40     0   2  3  

Penalty Kill 4 Players Forward 
   Center                   Wing                     Time % Phy DF OF 
 1 Steven Stamkos           Andreas Martinsen        60     1   4  0  
 2 Boone Jenner             Zach Parise              40     1   4  0  

Penalty Kill 4 Players Defense
   Defense                  Defense                  Time % Phy DF OF 
 1 Drew Doughty             Mike Lundin              60     1   4  0  
 2 Tyler Myers              Markus Nutivaara         40     1   4  0  

Penalty Kill - 3 Players Forward 
   Forward                                           Time % Phy DF OF 
 1 Steven Stamkos                                    60     1   4  0  
 2 Boone Jenner                                      40     1   4  0  

Penalty Kill - 3 Players Defense
   Defense                  Defense                  Time % Phy DF OF 
 1 Drew Doughty             Mike Lundin              60     1   4  0  
 2 Tyler Myers              Markus Nutivaara         40     1   4  0  

4 vs 4 Forward 
   Center                   Wing                     Time % Phy DF OF 
 1 Steven Stamkos           Ronalds Kenins           60     1   2  2  
 2 Boone Jenner             Zach Parise              40     1   2  2  

4 vs 4 Defense
   Defense                  Defense                  Time % Phy DF OF 
 1 Drew Doughty             Mike Lundin              60     1   3  1  
 2 Tyler Myers              Markus Nutivaara         40     1   3  1  

Last Minutes Offensive
   Center                   Left Wing                Right Wing               Defense                  Defense                  
   Steven Stamkos           Ronalds Kenins           Conor Sheary             Drew Doughty             Mike Lundin              

Last Minutes Defensive
   Center                   Left Wing                Right Wing               Defense                  Defense                  
   Steven Stamkos           Ronalds Kenins           Conor Sheary             Drew Doughty             Mike Lundin              

Goaltenders
Starting : Philipp Grubauer         
Backup : Malcolm Subban           

Extra Forwards
Normal : Zach Parise, Oscar Sundqvist, Wayne Simmonds - PP : Zach Parise, Oscar Sundqvist - PK : Zach Parise
Extra Defensemen
Normal : Markus Nutivaara, Connor Murphy, MacKenzie Weegar - PP : Markus Nutivaara - PK : Markus Nutivaara, Connor Murphy
Penalty Shots
Steven Stamkos, Conor Sheary, Boone Jenner, Ronalds Kenins, Zach Parise
Custom OT Lines Forwards
Steven Stamkos, Conor Sheary, Boone Jenner, Ronalds Kenins, Zach Parise, Oscar Sundqvist, Wayne Simmonds, Brendan Gaunce, Beau Bennett, Andreas Martinsen
Custom OT Lines Defensemen
Drew Doughty, Mike Lundin, Tyler Myers, Markus Nutivaara, Connor Murphy

Scratches
Gustav Nyquist (Healthy), Logan Stanley (Healthy)

Jets

5 vs 5 Forward 
   Center                   Left Wing                Right Wing               Time % Phy DF OF 
 1 Ryan Johansen            Anthony Mantha           Tyler Seguin             30     1   1  3  
 2 Max Domi                 Nino Niederreiter        Jack Roslovic            30     1   1  3  
 3 Dylan Strome             Viktor Arvidsson         Sam Reinhart             20     1   1  3  
 4 Roope Hintz              Kyle Connor              Frank Vatrano            20     1   1  3  

5 vs 5 Defense 
   Defense                  Defense                                           Time % Phy DF OF 
 1 Dougie Hamilton          Ryan Murray                                       40     1   2  2  
 2 Adam Larsson             Troy Stetcher                                     30     1   2  2  
 3 Mirco Mueller            Erik Cernak                                       20     1   2  2  
 4 Dougie Hamilton          Adam Larsson                                      10     1   2  2  

PowerPlay Forward 
   Center                   Left Wing                Right Wing               Time % Phy DF OF 
 1 Ryan Johansen            Anthony Mantha           Jack Roslovic            60     1   2  2  
 2 Max Domi                 Nino Niederreiter        Tyler Seguin             40     1   2  2  

PowerPlay Defense
   Defense                  Defense                                           Time % Phy DF OF 
 1 Dougie Hamilton          Troy Stetcher                                     60     1   2  2  
 2 Ryan Murray              Kyle Connor                                       40     1   2  2  

Penalty Kill 4 Players Forward 
   Center                   Wing                     Time % Phy DF OF 
 1 Tyler Seguin             Anthony Mantha           60     1   2  2  
 2 Nino Niederreiter        Frank Vatrano            40     1   2  2  

Penalty Kill 4 Players Defense
   Defense                  Defense                  Time % Phy DF OF 
 1 Dougie Hamilton          Adam Larsson             60     1   2  2  
 2 Ryan Murray              Troy Stetcher            40     1   2  2  

Penalty Kill - 3 Players Forward 
   Forward                                           Time % Phy DF OF 
 1 Anthony Mantha                                    60     1   2  2  
 2 Frank Vatrano                                     40     1   2  2  

Penalty Kill - 3 Players Defense
   Defense                  Defense                  Time % Phy DF OF 
 1 Dougie Hamilton          Adam Larsson             60     1   2  2  
 2 Ryan Murray              Troy Stetcher            40     1   2  2  

4 vs 4 Forward 
   Center                   Wing                     Time % Phy DF OF 
 1 Ryan Johansen            Tyler Seguin             60     1   2  2  
 2 Nino Niederreiter        Jack Roslovic            40     1   2  2  

4 vs 4 Defense
   Defense                  Defense                  Time % Phy DF OF 
 1 Dougie Hamilton          Adam Larsson             60     1   2  2  
 2 Ryan Murray              Troy Stetcher            40     1   2  2  

Last Minutes Offensive
   Center                   Left Wing                Right Wing               Defense                  Defense                  
   Ryan Johansen            Nino Niederreiter        Tyler Seguin             Dougie Hamilton          Jack Roslovic            

Last Minutes Defensive
   Center                   Left Wing                Right Wing               Defense                  Defense                  
   Ryan Johansen            Anthony Mantha           Tyler Seguin             Adam Larsson             Ryan Murray              

Goaltenders
Starting : Jacob Markstrom          
Backup : James Reimer             

Extra Forwards
Normal : Anthony Mantha, Sam Reinhart, Frank Vatrano - PP : Anthony Mantha, Kyle Connor - PK : Frank Vatrano
Extra Defensemen
Normal : Mirco Mueller, Erik Cernak, Ryan Murray - PP : Mirco Mueller - PK : Erik Cernak, Ryan Murray
Penalty Shots
Jack Roslovic, Tyler Seguin, Ryan Johansen, Anthony Mantha, Kyle Connor
Custom OT Lines Forwards
Nino Niederreiter, Tyler Seguin, Jack Roslovic, Ryan Johansen, Anthony Mantha, Max Domi, Viktor Arvidsson, Sam Reinhart, Frank Vatrano, Dylan Strome
Custom OT Lines Defensemen
Dougie Hamilton, Adam Larsson, Ryan Murray, Troy Stetcher, Mirco Mueller

Scratches
None


% Time on Ice - Sharks

Lines # - Real PCT - Wanted PCT - Time Play
Normal Forward
1 - 37% - 40% - 15:53
2 - 26% - 30% - 11:07
3 - 22% - 20% - 9:22
4 - 16% - 10% - 6:48
Normal Defense
1 - 41% - 40% - 17:53
2 - 33% - 30% - 14:07
3 - 24% - 20% - 10:09
4 - 2% - 10% - 1:01
PP Forward
1 - 50% - 60% - 4:35
2 - 50% - 40% - 4:38
PP Defense
1 - 67% - 60% - 6:09
2 - 33% - 40% - 3:04
PK Forward
1 - 82% - 60% - 5:39
2 - 18% - 40% - 1:12
PK Defense
1 - 70% - 60% - 4:46
2 - 30% - 40% - 2:05
PK3 Forward
1 - 0% - 60%
2 - 0% - 40%
PK3 Defense
1 - 0% - 60%
2 - 0% - 40%
44 Forward
1 - 100% - 60% - 0:46
2 - 0% - 40% - 0:00
44 Defense
1 - 100% - 60% - 0:46
2 - 0% - 40% - 0:00
Last Minute Offensive  - 0:00
Last Minute Defensive  - 0:00
Total
Forward - 60:00
Defense - 60:00

% Time on Ice - Jets

Lines # - Real PCT - Wanted PCT - Time Play
Normal Forward
1 - 30% - 30% - 13:03
2 - 31% - 30% - 13:10
3 - 20% - 20% - 8:47
4 - 19% - 20% - 8:10
Normal Defense
1 - 44% - 40% - 18:52
2 - 30% - 30% - 12:51
3 - 22% - 20% - 9:28
4 - 5% - 10% - 1:59
PP Forward
1 - 65% - 60% - 4:29
2 - 35% - 40% - 2:22
PP Defense
1 - 65% - 60% - 4:26
2 - 35% - 40% - 2:25
PK Forward
1 - 74% - 60% - 6:51
2 - 26% - 40% - 2:22
PK Defense
1 - 56% - 60% - 5:12
2 - 44% - 40% - 4:01
PK3 Forward
1 - 0% - 60%
2 - 0% - 40%
PK3 Defense
1 - 0% - 60%
2 - 0% - 40%
44 Forward
1 - 100% - 60% - 0:46
2 - 0% - 40% - 0:00
44 Defense
1 - 98% - 60% - 0:45
2 - 2% - 40% - 0:01
Last Minute Offensive  - 0:00
Last Minute Defensive  - 0:00
Total
Forward - 60:00
Defense - 60:00

Play-by-Play

1st period


0:01 of 1st period - Ryan Johansen wins face-off versus Ronalds Kenins in neutral zone.
0:04 of 1st period - Wrist shot by Tyler Seguin.
0:04 of 1st period - Deflect By Drew Doughty.
0:04 of 1st period - Shot Misses the Net.
0:04 of 1st period - Puck is out of play.
0:05 of 1st period - Steven Stamkos wins face-off versus Ryan Johansen in Sharks zone.
0:10 of 1st period - Ryan Murray is hit by Drew Doughty and loses puck.
0:17 of 1st period - Wrist shot by Dougie Hamilton.
0:17 of 1st period - Goal by Dougie Hamilton - Sharks : 0 - Jets : 1.
0:18 of 1st period - Boone Jenner wins face-off versus Max Domi in neutral zone.
0:25 of 1st period - Wrist shot by Boone Jenner.
0:25 of 1st period - Stopped by Jacob Markstrom without a rebound.
0:26 of 1st period - Boone Jenner wins face-off versus Max Domi in Jets zone.
0:41 of 1st period - Slapshot by Markus Nutivaara.
0:41 of 1st period - Stopped by Jacob Markstrom without a rebound.
0:42 of 1st period - Dylan Strome wins face-off versus Oscar Sundqvist in Jets zone.
0:59 of 1st period - Snap shot by Beau Bennett.
0:59 of 1st period - Stopped by Jacob Markstrom with a rebound.
1:31 of 1st period - Wrist shot by Vince Hinostroza.
1:31 of 1st period - Stopped by Jacob Markstrom without a rebound.
1:32 of 1st period - Brendan Gaunce wins face-off versus Ryan Johansen in Jets zone.
2:07 of 1st period - Brendan Gaunce is hit by Ryan Murray and loses puck.
2:32 of 1st period - Snap shot by Vince Hinostroza.
2:32 of 1st period - Shot Blocked by Ryan Johansen.
2:42 of 1st period - Slapshot by Jeremy Morin.
2:42 of 1st period - Stopped by Jacob Markstrom with a rebound.
3:14 of 1st period - Snap shot by Brendan Gaunce.
3:14 of 1st period - Stopped by Jacob Markstrom with a rebound.
3:34 of 1st period - Wrist shot by Brendan Gaunce.
3:34 of 1st period - Stopped by Jacob Markstrom without a rebound.
3:35 of 1st period - Jack Roslovic wins face-off versus Steven Stamkos in Jets zone.
3:37 of 1st period - Minor Penalty to Jack Roslovic for Cross-checking.
3:38 of 1st period - Steven Stamkos wins face-off versus Nino Niederreiter in Jets zone.
4:11 of 1st period - Erik Cernak is hit by Tyler Myers and loses puck.
5:37 of 1st period - Penalty to Jack Roslovic is over, Jack Roslovic is back on ice.
5:48 of 1st period - Snap shot by Max Domi.
5:48 of 1st period - Shot Misses the Net.
6:36 of 1st period - Anthony Mantha is hit by Vince Hinostroza and loses puck.
7:00 of 1st period - Steven Stamkos is hit by Jack Roslovic and loses puck.
7:34 of 1st period - Boone Jenner is hit by Troy Stetcher and loses puck.
8:01 of 1st period - Snap shot by Max Domi.
8:01 of 1st period - Shot Blocked by Tyler Myers.
8:10 of 1st period - Minor Penalty to Ryan Murray for Interference.
8:11 of 1st period - Tyler Seguin wins face-off versus Steven Stamkos in Jets zone.
8:45 of 1st period - Snap shot by Boone Jenner.
8:45 of 1st period - Deflect By Wayne Simmonds.
8:45 of 1st period - Shot Misses the Net.
8:45 of 1st period - Puck is out of play.
8:46 of 1st period - Tyler Seguin wins face-off versus Steven Stamkos in Jets zone.
9:18 of 1st period - Snap shot by Steven Stamkos.
9:18 of 1st period - Stopped by Jacob Markstrom without a rebound.
9:19 of 1st period - Anthony Mantha wins face-off versus Boone Jenner in Jets zone.
9:25 of 1st period - Icing by Wayne Simmonds.
9:26 of 1st period - Tyler Seguin wins face-off versus Boone Jenner in Sharks zone.
10:10 of 1st period - Penalty to Ryan Murray is over, Ryan Murray is back on ice.
10:37 of 1st period - Wrist shot by Boone Jenner.
10:37 of 1st period - Stopped by Jacob Markstrom without a rebound.
10:38 of 1st period - Steven Stamkos wins face-off versus Max Domi in Jets zone.
10:49 of 1st period - Slapshot by Erik Cernak.
10:49 of 1st period - Deflect By Max Domi.
10:49 of 1st period - Shot Misses the Net.
10:49 of 1st period - Puck is out of play.
10:50 of 1st period - Steven Stamkos wins face-off versus Max Domi in Sharks zone.
11:01 of 1st period - Minor Penalty to Tyler Myers for Tripping.
11:02 of 1st period - Andreas Martinsen wins face-off versus Ryan Johansen in Sharks zone.
11:11 of 1st period - Snap shot by Andreas Martinsen.
11:11 of 1st period - Shot Blocked by Troy Stetcher.
12:02 of 1st period - Icing by Kyle Connor.
12:03 of 1st period - Zach Parise wins face-off versus Ryan Johansen in Jets zone.
12:31 of 1st period - Snap shot by Max Domi.
12:31 of 1st period - Goal by Max Domi - Sharks : 0 - Jets : 2.
12:32 of 1st period - Steven Stamkos wins face-off versus Jack Roslovic in neutral zone.
12:43 of 1st period - Snap shot by Conor Sheary.
12:43 of 1st period - Stopped by Jacob Markstrom without a rebound.
12:44 of 1st period - Max Domi wins face-off versus Steven Stamkos in Jets zone.
13:10 of 1st period - Dylan Strome is hit by Wayne Simmonds and loses puck.
13:34 of 1st period - Slapshot by Dougie Hamilton.
13:34 of 1st period - Deflect By Markus Nutivaara.
13:34 of 1st period - Stopped by Philipp Grubauer without a rebound.
13:35 of 1st period - Oscar Sundqvist wins face-off versus Ryan Johansen in Sharks zone.
13:54 of 1st period - Snap shot by Oscar Sundqvist.
13:54 of 1st period - Stopped by Jacob Markstrom with a rebound.
13:56 of 1st period - Slapshot by Tyler Myers.
13:56 of 1st period - Stopped by Jacob Markstrom without a rebound.
13:57 of 1st period - Max Domi wins face-off versus Ronalds Kenins in Jets zone.
13:59 of 1st period - Nino Niederreiter is hit by Conor Sheary and loses puck.
14:35 of 1st period - Jack Roslovic is hit by Ronalds Kenins and loses puck.
14:48 of 1st period - Jack Roslovic is hit by Ronalds Kenins and loses puck.
15:13 of 1st period - Snap shot by Nino Niederreiter.
15:13 of 1st period - Goal by Nino Niederreiter - Sharks : 0 - Jets : 3.
15:14 of 1st period - Roope Hintz wins face-off versus Boone Jenner in neutral zone.
15:23 of 1st period - Snap shot by Roope Hintz.
15:23 of 1st period - Shot Misses the Net.
15:25 of 1st period - Slapshot by Dougie Hamilton.
15:25 of 1st period - Stopped by Philipp Grubauer without a rebound.
15:26 of 1st period - Zach Parise wins face-off versus Dylan Strome in Sharks zone.
15:26 of 1st period - Zach Parise is hit by Sam Reinhart.
15:38 of 1st period - Snap shot by Wayne Simmonds.
15:38 of 1st period - Deflect By Zach Parise.
15:38 of 1st period - Shot Misses the Net.
15:38 of 1st period - Puck is out of play.
15:39 of 1st period - Boone Jenner wins face-off versus Roope Hintz in Jets zone.
15:40 of 1st period - Slapshot by Markus Nutivaara.
15:40 of 1st period - Stopped by Jacob Markstrom with a rebound.
16:34 of 1st period - Wrist shot by Oscar Sundqvist.
16:34 of 1st period - Shot Blocked by Troy Stetcher.
17:00 of 1st period - Slapshot by Markus Nutivaara.
17:00 of 1st period - Shot Blocked by Roope Hintz.
17:02 of 1st period - Slapshot by Markus Nutivaara.
17:02 of 1st period - Stopped by Jacob Markstrom with a rebound.
17:12 of 1st period - Brendan Gaunce is hit by Dougie Hamilton.
17:17 of 1st period - Off-side.
17:18 of 1st period - Steven Stamkos wins face-off versus Ryan Johansen in neutral zone.
17:21 of 1st period - Snap shot by Drew Doughty.
17:21 of 1st period - Stopped by Jacob Markstrom without a rebound.
17:22 of 1st period - Steven Stamkos wins face-off versus Dylan Strome in Jets zone.
17:45 of 1st period - Minor Penalty to Sam Reinhart for Cross-checking.
17:46 of 1st period - Tyler Seguin wins face-off versus Ronalds Kenins in Jets zone.
17:55 of 1st period - Slapshot by Mike Lundin.
17:55 of 1st period - Shot Blocked by Dougie Hamilton.
18:01 of 1st period - Slapshot by Steven Stamkos.
18:01 of 1st period - Goal by Steven Stamkos - Sharks : 1 - Jets : 3.
18:02 of 1st period - Steven Stamkos wins face-off versus Roope Hintz in neutral zone.
18:29 of 1st period - Max Domi is hit by Beau Bennett and loses puck.
19:23 of 1st period - Slapshot by Ryan Johansen.
19:23 of 1st period - Stopped by Philipp Grubauer without a rebound.
19:24 of 1st period - Roope Hintz wins face-off versus Steven Stamkos in Sharks zone.
19:42 of 1st period - Icing by Troy Stetcher.
19:43 of 1st period - Boone Jenner wins face-off versus Roope Hintz in Jets zone.
Goals for this period are 1 for Sharks vs 3 for Jets.
Shots for this period are 16 for Sharks vs 6 for Jets.

2nd period


0:01 of 2nd period - Ryan Johansen wins face-off versus Steven Stamkos in neutral zone.
0:14 of 2nd period - Snap shot by Ryan Johansen.
0:14 of 2nd period - Shot Misses the Net.
0:16 of 2nd period - Snap shot by Ryan Johansen.
0:16 of 2nd period - Deflect By Anthony Mantha.
0:16 of 2nd period - Shot Misses the Net.
0:16 of 2nd period - Puck is out of play.
0:17 of 2nd period - Max Domi wins face-off versus Boone Jenner in Sharks zone.
0:40 of 2nd period - Minor Penalty to Zach Parise for Diving.
0:41 of 2nd period - Ryan Johansen wins face-off versus Steven Stamkos in Sharks zone.
2:23 of 2nd period - Drew Doughty is hit by Ryan Johansen and loses puck.
2:40 of 2nd period - Penalty to Zach Parise is over, Zach Parise is back on ice.
3:10 of 2nd period - Wrist shot by Frank Vatrano.
3:10 of 2nd period - Stopped by Philipp Grubauer with a rebound.
3:24 of 2nd period - MacKenzie Weegar is hit by Adam Larsson and loses puck.
3:50 of 2nd period - Erik Cernak is hit by Andreas Martinsen and loses puck.
4:05 of 2nd period - Ryan Murray is hit by Steven Stamkos and loses puck.
5:33 of 2nd period - MacKenzie Weegar is hit by Tyler Seguin and loses puck.
6:05 of 2nd period - Snap shot by Beau Bennett.
6:05 of 2nd period - Shot Misses the Net.
6:19 of 2nd period - Mike Lundin is hit by Sam Reinhart and loses puck.
6:24 of 2nd period - Wrist shot by Dylan Strome.
6:24 of 2nd period - Shot Misses the Net.
6:34 of 2nd period - Ryan Murray is hit by Mike Lundin and loses puck.
6:53 of 2nd period - Slapshot by Tyler Seguin.
6:53 of 2nd period - Stopped by Philipp Grubauer with a rebound.
6:55 of 2nd period - Slapshot by Troy Stetcher.
6:55 of 2nd period - Stopped by Philipp Grubauer without a rebound.
6:56 of 2nd period - Oscar Sundqvist wins face-off versus Ryan Johansen in Sharks zone.
7:11 of 2nd period - Slapshot by Drew Doughty.
7:11 of 2nd period - Deflect By Beau Bennett.
7:11 of 2nd period - Shot Blocked by Tyler Seguin.
7:11 of 2nd period - Puck is out of play.
7:12 of 2nd period - Nino Niederreiter wins face-off versus Steven Stamkos in Jets zone.
7:50 of 2nd period - Snap shot by Boone Jenner.
7:50 of 2nd period - Stopped by Jacob Markstrom without a rebound.
7:51 of 2nd period - Steven Stamkos wins face-off versus Max Domi in Jets zone.
8:27 of 2nd period - Beau Bennett is hit by Nino Niederreiter and loses puck.
8:46 of 2nd period - Slapshot by Max Domi.
8:46 of 2nd period - Shot Blocked by Connor Murphy.
8:50 of 2nd period - Slapshot by Jack Roslovic.
8:50 of 2nd period - Stopped by Philipp Grubauer without a rebound.
8:51 of 2nd period - Ryan Johansen wins face-off versus Steven Stamkos in Sharks zone.
8:58 of 2nd period - Snap shot by Ryan Johansen.
8:58 of 2nd period - Stopped by Philipp Grubauer without a rebound.
8:59 of 2nd period - Steven Stamkos wins face-off versus Ryan Johansen in Sharks zone.
9:10 of 2nd period - Backhand shot by Conor Sheary.
9:10 of 2nd period - Stopped by Jacob Markstrom with a rebound.
9:22 of 2nd period - Slapshot by Adam Larsson.
9:22 of 2nd period - Deflect By Tyler Seguin.
9:22 of 2nd period - Stopped by Philipp Grubauer without a rebound.
9:23 of 2nd period - Boone Jenner wins face-off versus Dylan Strome in Sharks zone.
9:47 of 2nd period - Icing by Zach Parise.
9:48 of 2nd period - Max Domi wins face-off versus Steven Stamkos in Sharks zone.
10:11 of 2nd period - Minor Penalty to Troy Stetcher for Holding.
10:12 of 2nd period - Tyler Seguin wins face-off versus Steven Stamkos in Jets zone.
10:52 of 2nd period - Icing by Boone Jenner.
10:53 of 2nd period - Tyler Seguin wins face-off versus Boone Jenner in Sharks zone.
11:13 of 2nd period - Off-side.
11:14 of 2nd period - Tyler Seguin wins face-off versus Boone Jenner in neutral zone.
11:17 of 2nd period - Snap shot by Adam Larsson.
11:17 of 2nd period - Shot Misses the Net.
12:02 of 2nd period - Ryan Murray is hit by Ronalds Kenins and loses puck.
12:07 of 2nd period - Wrist shot by Steven Stamkos.
12:07 of 2nd period - Deflect By Conor Sheary.
12:07 of 2nd period - Goal by Conor Sheary - Sharks : 2 - Jets : 3.
12:08 of 2nd period - Steven Stamkos wins face-off versus Max Domi in neutral zone.
12:35 of 2nd period - Ryan Johansen is hit by Andreas Martinsen and loses puck.
12:46 of 2nd period - Snap shot by Oscar Sundqvist.
12:46 of 2nd period - Shot Blocked by Anthony Mantha.
13:20 of 2nd period - Connor Murphy is hit by Viktor Arvidsson and loses puck.
14:16 of 2nd period - Minor Penalty to Adam Larsson for Tripping.
14:17 of 2nd period - Tyler Seguin wins face-off versus Steven Stamkos in Jets zone.
16:11 of 2nd period - Zach Parise is hit by Ryan Murray and loses puck.
16:16 of 2nd period - Penalty to Adam Larsson is over, Adam Larsson is back on ice.
16:36 of 2nd period - Off-side.
16:37 of 2nd period - Jeremy Morin wins face-off versus Dylan Strome in neutral zone.
17:14 of 2nd period - Slapshot by Roope Hintz.
17:14 of 2nd period - Stopped by Philipp Grubauer without a rebound.
17:15 of 2nd period - Steven Stamkos wins face-off versus Anthony Mantha in Sharks zone.
17:36 of 2nd period - Ronalds Kenins is hit by Anthony Mantha and loses puck.
17:49 of 2nd period - Wrist shot by Kyle Connor.
17:49 of 2nd period - Stopped by Philipp Grubauer with a rebound.
17:51 of 2nd period - Snap shot by Frank Vatrano.
17:51 of 2nd period - Shot Misses the Net.
17:53 of 2nd period - Snap shot by Roope Hintz.
17:53 of 2nd period - Stopped by Philipp Grubauer without a rebound.
17:54 of 2nd period - Boone Jenner wins face-off versus Roope Hintz in Sharks zone.
18:01 of 2nd period - Snap shot by Wayne Simmonds.
18:01 of 2nd period - Stopped by Jacob Markstrom without a rebound.
18:02 of 2nd period - Anthony Mantha wins face-off versus Boone Jenner in Jets zone.
18:04 of 2nd period - Icing by Ryan Johansen.
18:05 of 2nd period - Ryan Johansen wins face-off versus Steven Stamkos in Jets zone.
18:14 of 2nd period - Ryan Murray is hit by Mike Lundin and loses puck.
18:19 of 2nd period - Snap shot by Steven Stamkos.
18:19 of 2nd period - Shot Misses the Net.
18:21 of 2nd period - Snap shot by Steven Stamkos.
18:21 of 2nd period - Shot Misses the Net.
19:24 of 2nd period - Off-side.
19:25 of 2nd period - Boone Jenner wins face-off versus Max Domi in neutral zone.
19:34 of 2nd period - Snap shot by Zach Parise.
19:34 of 2nd period - Stopped by Jacob Markstrom with a rebound.
19:48 of 2nd period - Icing by Jack Roslovic.
19:49 of 2nd period - Steven Stamkos wins face-off versus Max Domi in Jets zone.
Goals for this period are 1 for Sharks vs 0 for Jets.
Shots for this period are 5 for Sharks vs 9 for Jets.

3rd period


0:01 of 3rd period - Max Domi wins face-off versus Steven Stamkos in neutral zone.
0:12 of 3rd period - Conor Sheary is hit by Max Domi and loses puck.
0:27 of 3rd period - Roope Hintz is hit by Mike Lundin.
0:37 of 3rd period - Wrist shot by Frank Vatrano.
0:37 of 3rd period - Stopped by Philipp Grubauer with a rebound.
0:47 of 3rd period - Sam Reinhart is hit by Mike Lundin.
1:09 of 3rd period - Slapshot by Erik Cernak.
1:09 of 3rd period - Shot Blocked by Markus Nutivaara.
1:19 of 3rd period - Slapshot by Markus Nutivaara.
1:19 of 3rd period - Stopped by Jacob Markstrom with a rebound.
1:51 of 3rd period - Tyler Seguin is hit by Wayne Simmonds and loses puck.
1:56 of 3rd period - Snap shot by Boone Jenner.
1:56 of 3rd period - Shot Misses the Net.
1:58 of 3rd period - Slapshot by Connor Murphy.
1:58 of 3rd period - Shot Misses the Net.
2:00 of 3rd period - Slapshot by Zach Parise.
2:00 of 3rd period - Shot Blocked by Dougie Hamilton.
2:02 of 3rd period - Slapshot by MacKenzie Weegar.
2:02 of 3rd period - Shot Blocked by Ryan Murray.
2:04 of 3rd period - Snap shot by Zach Parise.
2:04 of 3rd period - Shot Misses the Net.
2:08 of 3rd period - Snap shot by Boone Jenner.
2:08 of 3rd period - Stopped by Jacob Markstrom without a rebound.
2:09 of 3rd period - Max Domi wins face-off versus Steven Stamkos in Jets zone.
2:44 of 3rd period - Off-side.
2:45 of 3rd period - Dylan Strome wins face-off versus Oscar Sundqvist in neutral zone.
2:58 of 3rd period - Wrist shot by Beau Bennett.
2:58 of 3rd period - Stopped by Jacob Markstrom with a rebound.
3:00 of 3rd period - Slapshot by Drew Doughty.
3:00 of 3rd period - Shot Blocked by Mirco Mueller.
3:02 of 3rd period - Slapshot by Oscar Sundqvist.
3:02 of 3rd period - Stopped by Jacob Markstrom without a rebound.
3:03 of 3rd period - Steven Stamkos wins face-off versus Max Domi in Jets zone.
3:06 of 3rd period - Snap shot by Conor Sheary.
3:06 of 3rd period - Stopped by Jacob Markstrom without a rebound.
3:07 of 3rd period - Steven Stamkos wins face-off versus Max Domi in Jets zone.
3:10 of 3rd period - Snap shot by Conor Sheary.
3:10 of 3rd period - Shot Misses the Net.
3:20 of 3rd period - Snap shot by Conor Sheary.
3:20 of 3rd period - Deflect By Ronalds Kenins.
3:20 of 3rd period - Shot Misses the Net.
3:20 of 3rd period - Puck is out of play.
3:21 of 3rd period - Steven Stamkos wins face-off versus Roope Hintz in Jets zone.
3:53 of 3rd period - Slapshot by Troy Stetcher.
3:53 of 3rd period - Shot Misses the Net.
4:01 of 3rd period - Snap shot by Andreas Martinsen.
4:01 of 3rd period - Stopped by Jacob Markstrom without a rebound.
4:02 of 3rd period - Steven Stamkos wins face-off versus Dylan Strome in Jets zone.
4:05 of 3rd period - Snap shot by Ronalds Kenins.
4:05 of 3rd period - Shot Misses the Net.
4:17 of 3rd period - Snap shot by Sam Reinhart.
4:17 of 3rd period - Shot Misses the Net.
6:11 of 3rd period - Oscar Sundqvist is hit by Mirco Mueller and loses puck.
6:40 of 3rd period - Snap shot by Jack Roslovic.
6:40 of 3rd period - Stopped by Philipp Grubauer with a rebound.
6:42 of 3rd period - Slapshot by Erik Cernak.
6:42 of 3rd period - Shot Misses the Net.
6:58 of 3rd period - Wrist shot by Vince Hinostroza.
6:58 of 3rd period - Shot Misses the Net.
7:00 of 3rd period - Slapshot by Connor Murphy.
7:00 of 3rd period - Shot Blocked by Adam Larsson.
7:02 of 3rd period - Snap shot by Vince Hinostroza.
7:02 of 3rd period - Stopped by Jacob Markstrom without a rebound.
7:03 of 3rd period - Boone Jenner wins face-off versus Roope Hintz in Jets zone.
7:04 of 3rd period - Wrist shot by Zach Parise.
7:04 of 3rd period - Shot Blocked by Troy Stetcher.
7:55 of 3rd period - Slapshot by Oscar Sundqvist.
7:55 of 3rd period - Stopped by Jacob Markstrom without a rebound.
7:56 of 3rd period - Max Domi wins face-off versus Zach Parise in Jets zone.
7:56 of 3rd period - Max Domi is hit by Zach Parise.
8:25 of 3rd period - Mike Lundin is hit by Anthony Mantha and loses puck.
8:48 of 3rd period - Wrist shot by Oscar Sundqvist.
8:48 of 3rd period - Shot Misses the Net.
8:50 of 3rd period - Slapshot by Drew Doughty.
8:50 of 3rd period - Deflect By Erik Cernak.
8:50 of 3rd period - Stopped by Jacob Markstrom with a rebound.
9:15 of 3rd period - Wrist shot by Sam Reinhart.
9:15 of 3rd period - Stopped by Philipp Grubauer without a rebound.
9:16 of 3rd period - Nino Niederreiter wins face-off versus Steven Stamkos in Sharks zone.
9:21 of 3rd period - Wrist shot by Nino Niederreiter.
9:21 of 3rd period - Stopped by Philipp Grubauer with a rebound.
9:23 of 3rd period - Slapshot by Adam Larsson.
9:23 of 3rd period - Deflect By Jack Roslovic.
9:23 of 3rd period - Stopped by Philipp Grubauer without a rebound.
9:24 of 3rd period - Steven Stamkos wins face-off versus Jack Roslovic in Sharks zone.
9:31 of 3rd period - Slapshot by Jack Roslovic.
9:31 of 3rd period - Shot Blocked by Tyler Myers.
9:33 of 3rd period - Snap shot by Adam Larsson.
9:33 of 3rd period - Deflect By Tyler Myers.
9:33 of 3rd period - Stopped by Philipp Grubauer with a rebound.
9:35 of 3rd period - Backhand shot by Troy Stetcher.
9:35 of 3rd period - Shot Misses the Net.
9:37 of 3rd period - Slapshot by Adam Larsson.
9:37 of 3rd period - Deflect By Jack Roslovic.
9:37 of 3rd period - Stopped by Philipp Grubauer with a rebound.
9:39 of 3rd period - Snap shot by Jack Roslovic.
9:39 of 3rd period - Shot Blocked by Ronalds Kenins.
9:41 of 3rd period - Wrist shot by Max Domi.
9:41 of 3rd period - Stopped by Philipp Grubauer with a rebound.
9:43 of 3rd period - Slapshot by Max Domi.
9:43 of 3rd period - Shot Misses the Net.
9:45 of 3rd period - Wrist shot by Troy Stetcher.
9:45 of 3rd period - Shot Misses the Net.
9:47 of 3rd period - Slapshot by Jack Roslovic.
9:47 of 3rd period - Shot Misses the Net.
9:49 of 3rd period - Slapshot by Troy Stetcher.
9:49 of 3rd period - Stopped by Philipp Grubauer with a rebound.
9:51 of 3rd period - Slapshot by Jack Roslovic.
9:51 of 3rd period - Stopped by Philipp Grubauer without a rebound.
9:52 of 3rd period - Ryan Johansen wins face-off versus Boone Jenner in Sharks zone.
10:29 of 3rd period - Slapshot by Frank Vatrano.
10:29 of 3rd period - Deflect By Kyle Connor.
10:29 of 3rd period - Shot Misses the Net.
10:29 of 3rd period - Puck is out of play.
10:30 of 3rd period - Ronalds Kenins wins face-off versus Max Domi in Sharks zone.
10:32 of 3rd period - Minor Penalty to Steven Stamkos for High sticking.
10:33 of 3rd period - Ryan Johansen wins face-off versus Zach Parise in Sharks zone.
10:45 of 3rd period - Snap shot by Anthony Mantha.
10:45 of 3rd period - Shot Hit the Post.
10:47 of 3rd period - Wrist shot by Jack Roslovic.
10:47 of 3rd period - Shot Blocked by Zach Parise.
10:49 of 3rd period - Slapshot by Dougie Hamilton.
10:49 of 3rd period - Deflect By Jack Roslovic.
10:49 of 3rd period - Shot Blocked by Drew Doughty.
10:49 of 3rd period - Puck is out of play.
10:50 of 3rd period - Ryan Johansen wins face-off versus Andreas Martinsen in Sharks zone.
10:53 of 3rd period - Slapshot by Troy Stetcher.
10:53 of 3rd period - Stopped by Philipp Grubauer without a rebound.
10:54 of 3rd period - Ryan Johansen wins face-off versus Zach Parise in Sharks zone.
10:57 of 3rd period - Slapshot by Ryan Johansen.
10:57 of 3rd period - Shot Misses the Net.
10:59 of 3rd period - Wrist shot by Anthony Mantha.
10:59 of 3rd period - Stopped by Philipp Grubauer with a rebound.
11:01 of 3rd period - Wrist shot by Anthony Mantha.
11:01 of 3rd period - Deflect By Ryan Johansen.
11:01 of 3rd period - Shot Hit the Post.
11:01 of 3rd period - Puck is out of play.
11:02 of 3rd period - Zach Parise wins face-off versus Ryan Johansen in Sharks zone.
11:40 of 3rd period - Tyler Seguin is hit by Zach Parise and loses puck.
12:32 of 3rd period - Penalty to Steven Stamkos is over, Steven Stamkos is back on ice.
13:22 of 3rd period - Dylan Strome is hit by Jeremy Morin and loses puck.
13:27 of 3rd period - Slapshot by Markus Nutivaara.
13:27 of 3rd period - Shot Blocked by Sam Reinhart.
13:37 of 3rd period - Roope Hintz is hit by Conor Sheary and loses puck.
16:09 of 3rd period - Slapshot by MacKenzie Weegar.
16:09 of 3rd period - Shot Blocked by Adam Larsson.
16:25 of 3rd period - Icing by Viktor Arvidsson.
16:26 of 3rd period - Ryan Johansen wins face-off versus Steven Stamkos in Jets zone.
16:33 of 3rd period - Snap shot by Steven Stamkos.
16:33 of 3rd period - Shot Misses the Net.
16:35 of 3rd period - Slapshot by Markus Nutivaara.
16:35 of 3rd period - Stopped by Jacob Markstrom without a rebound.
16:36 of 3rd period - Oscar Sundqvist wins face-off versus Roope Hintz in Jets zone.
16:46 of 3rd period - Minor Penalty to Beau Bennett for Roughing.
16:47 of 3rd period - Ryan Johansen wins face-off versus Steven Stamkos in Sharks zone.
17:00 of 3rd period - Snap shot by Ryan Johansen.
17:00 of 3rd period - Shot Misses the Net.
17:02 of 3rd period - Snap shot by Ryan Johansen.
17:02 of 3rd period - Deflect By Steven Stamkos.
17:02 of 3rd period - Shot Misses the Net.
17:02 of 3rd period - Puck is out of play.
17:03 of 3rd period - Steven Stamkos wins face-off versus Ryan Johansen in Sharks zone.
17:11 of 3rd period - Off-side.
17:12 of 3rd period - Steven Stamkos wins face-off versus Ryan Johansen in neutral zone.
17:54 of 3rd period - Slapshot by Dougie Hamilton.
17:54 of 3rd period - Stopped by Philipp Grubauer with a rebound.
17:56 of 3rd period - Wrist shot by Anthony Mantha.
17:56 of 3rd period - Stopped by Philipp Grubauer without a rebound.
17:57 of 3rd period - Boone Jenner wins face-off versus Max Domi in Sharks zone.
18:09 of 3rd period - Minor Penalty to Tyler Seguin for Holding.
18:10 of 3rd period - Ryan Johansen wins face-off versus Steven Stamkos in Jets zone.
18:10 of 3rd period - Ryan Johansen is hit by Steven Stamkos.
18:17 of 3rd period - Snap shot by Anthony Mantha.
18:17 of 3rd period - Goal by Anthony Mantha - Sharks : 2 - Jets : 4.
18:18 of 3rd period - Steven Stamkos wins face-off versus Ryan Johansen in neutral zone.
18:46 of 3rd period - Penalty to Beau Bennett is over, Beau Bennett is back on ice.
19:00 of 3rd period - Frank Vatrano is hit by Drew Doughty and loses puck.
19:05 of 3rd period - Snap shot by Wayne Simmonds.
19:05 of 3rd period - Stopped by Jacob Markstrom with a rebound.
19:07 of 3rd period - Wrist shot by Wayne Simmonds.
19:07 of 3rd period - Shot Misses the Net.
19:49 of 3rd period - Minor Penalty to Boone Jenner for High sticking.
19:50 of 3rd period - Steven Stamkos wins face-off versus Anthony Mantha in Sharks zone.
19:57 of 3rd period - Snap shot by Anthony Mantha.
19:57 of 3rd period - Shot Blocked by Mike Lundin.
19:59 of 3rd period - Slapshot by Adam Larsson.
19:59 of 3rd period - Shot Misses the Net.
Goals for this period are 0 for Sharks vs 1 for Jets.
Shots for this period are 11 for Sharks vs 15 for Jets. Output by the SimonT Hockey Simulator (STHS) for Francois Prevost - Original Page W3C HTML5 Valid
Hockey Simulator - Hockey Simulation - Hockey Manager